 Dungeon Crawl Stone Soup version 0.30-a0-860-g512cf1e979 (webtiles) character file.

Game seed: 8987882047604349520

13911 Demosthentine the Fighter (level 11, -1/78 (90) HPs)
             Began as a Demonspawn Gladiator on Mar 7, 2023.
             Slain by a wraith (2 damage)
             ... on level 10 of the Dungeon.
             The game lasted 00:11:29 (10083 turns).

Demosthentine the Fighter (Demonspawn Gladiator)   Turns: 10083, Time: 00:11:29

HP:   -1/78 (90)    AC: 11    Str: 17    XL:     11   Next: 81%
MP:   11/11         EV: 19    Int: 15    God:
Gold: 549           SH:  0    Dex: 23    Spells: 10/10 levels left

rFire   . . .      SeeInvis .    a - +1 trident
rCold   + . .      Faith    .    (no shield)
rNeg    . . .      Spirit   .    b - +1 leather armour {rC+}
rPois   .          Reflect  .    (helmet restricted)
rElec   .          Rampage  .    p - +1 cloak
rCorr   .                        (no gloves)
Will    .....                    q - +0 pair of boots
Stlth   ++                       (no amulet)
HPRegen 0.33/turn                o - +6 ring of dexterity
MPRegen 0.12/turn                u - +6 ring of intelligence

@: heavily drained
A: horns 1, icy blue scales 2, ignite blood 3, powered by death 2
a: no special abilities


You were on level 10 of the Dungeon.
You visited 2 branches of the dungeon, and saw 11 of its levels.
You also visited: Ossuary.

You collected 549 gold pieces.

Inventory:

Hand Weapons
 a - a +1 trident (weapon)
Missiles
 d - 2 throwing nets (quivered)
 e - 3 javelins
Armour
 b - a +1 leather armour of cold resistance (worn)
 p - a +1 cloak (worn)
 q - a +0 pair of boots (worn)
 E - +0 steam dragon scales
Jewellery
 o - a +6 ring of dexterity (left hand)
 s - a ring of flight
 u - a +6 ring of intelligence (right hand)
 w - a +6 ring of intelligence
Wands
 c - a wand of flame (20)
 l - a wand of mindburst (5)
 t - a wand of roots (10)
 y - a wand of digging (6)
 D - a wand of charming (10)
Scrolls
 r - 3 scrolls of enchant weapon
 v - a scroll of silence
 x - 2 scrolls of magic mapping
 z - 2 scrolls of amnesia
 A - 3 scrolls of identify
 C - a scroll of fog
Potions
 f - 6 potions of curing
 g - a potion of invisibility
 h - 2 potions of lignification
 i - 5 potions of flight
 j - 4 potions of magic
 k - 4 potions of heal wounds
 m - 4 potions of cancellation
 n - 4 potions of attraction
 B - a potion of ambrosia


   Skills:
 + Level 9.9 Fighting
 + Level 9.4 Polearms
 - Level 1.7 Throwing
 - Level 6.1 Armour
 + Level 9.4 Dodging
 + Level 6.6 Evocations


You had 10 spell levels left.
You didn't know any spells.
Your spell library contained the following spells:

 Spells                   Type           Power      Damage    Failure   Level
 Foxfire                  Conj/Fire      0%         2x1d4     32%         1
 Kiss of Death            Conj/Necr      0%         2d5       32%         1
 Blink                    Tloc           0%         N/A       43%         2
 Call Imp                 Summ           0%         N/A       43%         2
 Cigotuvi's Dreadful Rot  Necr/Pois/Air  0%         N/A       43%         2
 Lesser Beckoning         Tloc           0%         N/A       43%         2
 Momentum Strike          Conj/Tloc      0%         3d8       43%         2
 Poisonous Vapours        Pois/Air       0%         N/A       43%         2
 Mephitic Cloud           Conj/Pois/Air  0%         N/A       67%         3
 Vhi's Electric Charge    Tloc/Air       0%         N/A       67%         3
 Summon Lightning Spire   Summ/Air       0%         N/A       97%         4
 Arcjolt                  Conj/Air       0%         1d10      100%        5
 Fireball                 Conj/Fire      0%         3d3       100%        5
 Haunt                    Necr/Summ      0%         N/A       100%        7
 Maxwell's Capacitive Co  Air            0%         ∞         100%        8
 Necromutation            Tmut/Necr      0%         N/A       100%        8


Dungeon Overview and Level Annotations

Branches:
Dungeon (10/15)            Temple (1/1) D:5            Lair (0/5) D:9
Ossuary (visited)
    Orc: D:9-12

Altars:
Ashenzari
Cheibriados
Dithmenos
Fedhas
Gozag
Hepliaklqana
Kikubaaqudgha
Makhleb
Nemelex Xobeh
Okawaru
Qazlal
Ru
Sif Muna
Trog
Uskayaw
Vehumet
Wu Jian
Xom
Yredelemnul

Shops:
D:1 (


Innate Abilities, Weirdness & Mutations

You have a pair of small horns on your head.
You are mostly covered in icy blue scales. (AC +3)
Your demonic aura causes all spilled blood to erupt in flames.
You regenerate health from kills.


Message History

The wraith is heavily damaged.
The wraith hits you but does no damage.
You closely miss the wraith. You punch the wraith, but do no damage.
The wraith is heavily damaged.
The necromancer casts a spell.
The necromancer binds the souls of nearby monsters.
The wraith hits you.
You hit the wraith.
You headbutt the wraith, but do no damage.
The wraith is heavily damaged.
The wraith closely misses you. The wraith hits you but does no damage.
You hit the wraith but do no damage.
The wraith is heavily damaged.
The wraith hits you but does no damage.
The necromancer gestures at you while chanting.
The bolt of negative energy misses the wraith.
The bolt of negative energy hits you!!
You feel drained.
You hear a hideous shriek!
You are too injured to fight recklessly!
You are too injured to fight recklessly!
You are too injured to fight recklessly!
Unknown command.
You barely miss the wraith. Your headbutt misses the wraith.
The wraith is heavily damaged.
The wraith barely misses you.
You puncture the wraith!
You headbutt the wraith, but do no damage.
The wraith is severely damaged.
The wraith closely misses you.
You closely miss the wraith.
You headbutt the wraith, but do no damage.
The wraith is severely damaged.
You feel yourself speed up. The necromancer casts a spell at you.
The bolt of negative energy hits the wraith.
The wraith completely resists.
The bolt of negative energy hits you!!
You feel drained.
* * * LOW HITPOINT WARNING * * *
The wraith hits you.
You die...

....# #.'.....#########......#
##..# #.#.............#......#
.#..# #.#.............#......#
.#..######.#.............#......#
.#.....(...#.............#.......
.#.........#........######.......
##.........#........#............
....<......##########............
..........).....@Wp..............
####....##########W..............
#....# #.....Z...............
#....# #.....................
#..### #.p######.########....
#..# #. #.'......+.... ####..#
#.#......# .. ......# #.#......#
......# #.#......#


You could see a necromancer and 2 wraiths.

Vanquished Creatures
  Fannar (D:10)
  A two-headed ogre (D:8)
  A skeletal warrior (D:10)
  A gargoyle (D:10)
  3 unseen horror zombies (D:10)
  2 centaur skeletons (D:10)
  An unseen horror (D:10)
  Maggie (D:7)
  2 unseen horror skeletons (D:10)
  2 flying skulls (D:10)
  A wraith (Ossuary)
  18 yaks
  5 wyverns
  A basilisk (D:9)
  Grum (D:10)
  3 steam dragons (D:8)
  An acid dragon (D:9)
  5 water moccasins
  Duvessa (D:7)
  2 orc warriors
  An ice beast (D:8)
  7 black bears
  2 sky beasts
  2 ogres (D:4)
  A centaur (D:10)
  4 wolves
  A phantom (D:5)
  3 bullfrogs
  2 kobold brigands
  5 scorpions
  A wight (D:10)
  Dowan (D:7)
  9 killer bees (D:8)
  3 howler monkeys (D:8)
  5 hounds
  5 jellies
  Crazy Yiuf (D:7)
  A gnoll bouda (D:7)
  12 orc priests
  Terence (D:2)
  4 iguanas
  A sleepcap (D:6)
  Natasha (D:2)
  9 orc wizards
  A mummy (Ossuary)
  5 gnolls (D:7)
  2 adders
  2 shadow imps
  5 worms
  2 dart slugs
  33 orcs
  5 bats
  8 endoplasms
  2 giant cockroaches (D:1)
  8 goblins
  6 hobgoblins
  6 jackals
  A quokka (D:5)
  7 ball pythons
  5 frilled lizards
  7 gnoll skeletons (Ossuary)
  15 kobolds
  7 kobold skeletons (Ossuary)
  11 orc skeletons (Ossuary)
  7 rats
280 creatures vanquished.

Vanquished Creatures (others)
  A howler monkey (D:8)
  A fungus (D:9)
  10 plants (D:9)
12 creatures vanquished.

Grand Total: 292 creatures vanquished

Notes
Turn   | Place    | Note
-------+----------+-------------------------------------------
     0 | D:1      | Demosthentine the Demonspawn Gladiator began the quest for
                  | the Orb.
     0 | D:1      | Reached XP level 1. HP: 16/16 MP: 1/1
   145 | D:1      | Gained mutation: Your demonic aura sometimes causes spilled
                  | blood to erupt in flames. [demonic ancestry]
   145 | D:1      | Reached XP level 2. HP: 22/22 MP: 2/2
   410 | D:1      | Found Eskiyt's Antique Weapon Emporium.
   718 | D:2      | Noticed Terence
   729 | D:2      | Killed Terence
   730 | D:2      | Reached skill level 1 in Armour
   730 | D:2      | Gained mutation: You are partially covered in icy blue
                  | scales. (AC +2) [demonic ancestry]
   730 | D:2      | Reached XP level 3. HP: 11/28 MP: 3/3
   839 | D:2      | Noticed Natasha
   847 | D:2      | Killed Natasha
   848 | D:2      | Reached XP level 4. HP: 32/34 MP: 4/4
  2115 | D:4      | Gained mutation: Your demonic aura often causes spilled
                  | blood to erupt in flames. [demonic ancestry]
  2115 | D:4      | Reached XP level 5. HP: 41/41 MP: 5/5
  2601 | D:4      | Noticed a black bear
  2612 | D:4      | Killed a black bear
  2613 | D:4      | Gained mutation: You regenerate a little health from kills.
                  | [demonic ancestry]
  2613 | D:4      | Reached XP level 6. HP: 45/48 MP: 6/6
  2850 | D:4      | Gained mutation: Your demonic aura causes all spilled blood
                  | to erupt in flames. [demonic ancestry]
  2850 | D:4      | Reached XP level 7. HP: 54/54 MP: 7/7
  3022 | D:4      | Found a shimmering altar of Xom.
  3151 | D:4      | Got the Quarto of the Igneous Mob
  3325 | D:4      | Found a stormy altar of Qazlal.
  3399 | D:5      | Entered Level 5 of the Dungeon
  3463 | D:5      | Found a staircase to the Ecumenical Temple.
  3476 | Temple   | Entered the Ecumenical Temple
  3980 | D:5      | Reached skill level 5 in Fighting
  3980 | D:5      | Reached skill level 5 in Polearms
  3980 | D:5      | Reached skill level 5 in Dodging
  3980 | D:5      | Gained mutation: You have a pair of small horns on your
                  | head. [demonic ancestry]
  3980 | D:5      | Reached XP level 8. HP: 39/62 MP: 8/8
  4858 | D:6      | Identified the +3 mace of the Bedazzling Firefly
                  | {antimagic, rPois rN+ Int-4 Stlth+}
  4986 | D:6      | Found an opulent altar of Gozag.
  5402 | D:7      | Found a sand-covered staircase.
  5409 | Ossuary  | Entered an ossuary
  5509 | Ossuary  | Reached skill level 5 in Armour
  5767 | D:7      | Noticed Maggie
  5780 | D:7      | Killed Maggie
  5781 | D:7      | Reached XP level 9. HP: 44/69 MP: 9/9
  5947 | D:7      | Noticed Dowan
  5947 | D:7      | Noticed Duvessa
  5964 | D:7      | Killed Duvessa
  5987 | D:7      | Killed Dowan
  6209 | D:7      | Got the Papyrus of Exhumation
  6496 | D:7      | Found a runed translucent door.
  6497 | D:7      | Noticed Crazy Yiuf
  6505 | D:7      | Killed Crazy Yiuf
  6773 | D:8      | Reached skill level 1 in Evocations
  6872 | D:8      | Gained mutation: You are mostly covered in icy blue scales.
                  | (AC +3) [demonic ancestry]
  6872 | D:8      | Reached XP level 10. HP: 73/79 MP: 10/10
  7687 | D:8      | Found an ancient bone altar of Kikubaaqudgha.
  8143 | D:9      | Noticed a two-headed ogre
  8185 | D:8      | HP: 2/80 [two-headed ogre/+0 giant club (22)]
  8192 | D:8      | Killed a two-headed ogre
  8511 | D:9      | Gained mutation: You regenerate health from kills. [demonic
                  | ancestry]
  8511 | D:9      | Reached XP level 11. HP: 82/87 MP: 11/11
  8569 | D:9      | Reached skill level 5 in Evocations
  8659 | D:9      | Found a hide-covered altar of Uskayaw.
  8710 | D:9      | Found a blossoming altar of Fedhas.
  8725 | D:9      | Found a staircase to the Lair.
  9053 | D:10     | Entered Level 10 of the Dungeon
  9267 | D:10     | Found a hazy altar of Hepliaklqana.
  9285 | D:10     | Noticed Grum
  9298 | D:10     | Killed Grum
  9365 | D:10     | Noticed Fannar
  9376 | D:10     | Killed Fannar
  9676 | D:10     | Noticed a skeletal warrior
  9931 | D:10     | Killed a skeletal warrior
 10068 | D:10     | Noticed a necromancer
 10083 | D:10     | HP: 1/78 [necromancer/bolt of negative energy (31)]
 10083 | D:10     | Slain by a wraith

Illustrated notes

Levels and vault maps discovered:
D:1:      minmay_arrival_hallway, layout_loops_cross, serial_shops, shop
D:2:      layout_rooms, kennysheep_generic_room_6, uniq_natasha, uniq_terence
D:3:      layout_loops_corners, minmay_diced_spiral
D:4:      layout_basic, nicolae_qazlal_eye_of_the_storm,
          mainiacjoe_overflow_paths
D:5:      layout_basic, minmay_temple_entry_overgrown, serial_rivers,
          chequers_serial_rivers_micro_e, chequers_serial_rivers_marsh,
          chequers_serial_rivers_micro_c, chequers_serial_rivers_small_3,
          chequers_serial_rivers_small_3
D:6:      layout_loops_ring, mainiacjoe_overflow_cross_hatched
D:7:      layout_cave_pools, chequers_ossuary_entry_cave, uniq_maggie,
          uniq_duvessa, uniq_crazy_yiuf_cottage
D:8:      layout_gridville, gammafunk_temple_overflow_statue,
          kennysheep_generic_room_5
D:9:      layout_cave_pools, fedhas_altar_1, amcnicky_altar_gilded,
          minmay_lair_entry_grove
D:10:     hangedman_screamer, layout_irregular_city, nzn_hepliaklqana_mist_gate,
          uniq_grum, uniq_fannar
Temple:   nicolae_temple_superstar

Skill      XL: |  1  2  3  4  5  6  7  8  9 10 11 |
---------------+----------------------------------+-----
Polearms       | 3 4 5 6 7 8 9 |  9.4
Dodging        | 3 4 5 6 7 8 9 |  9.4
Armour         | 1 2 3 4 5 6 |  6.1
Fighting       | 3 4 5 6 7 8 9 |  9.9
Evocations     | 1 4 6 |  6.6
Throwing       | |  1.7

Action                     |  1- 3 |  4- 6 |  7- 9 | 10-12 || total
---------------------------+-------+-------+-------+-------++-------
  Melee: Trident           |    95 |   132 |   378 |   454 ||  1059
         Punch             |       |     2 |     4 |     9 ||    15
         Headbutt          |       |       |    65 |   118 ||   183
  Throw: Throwing net      |     1 |       |     2 |     5 ||     8
  Evoke: Wand              |       |       |       |     1 ||     1
    Use: Scroll            |       |     7 |    12 |     2 ||    21
         Potion            |       |       |     1 |     5 ||     6
   Stab: Sleeping          |     2 |     2 |     3 |     1 ||     8
         Held in net/web   |       |       |     1 |     4 ||     5
 Armour: Leather armour    |    13 |    27 |    71 |   181 ||   292
         Steam dragon scal |       |       |    22 |       ||    22
         Skin              |       |       |       |    20 ||    20
  Dodge: Dodged            |    41 |    70 |   231 |   490 ||   832

Table legend: (Time is in decaauts)
 A = Elapsed time spent in this place.
 B = Non-inter-level travel time spent in this place.
 C = Inter-level travel time spent in this place.
 D = Time resting spent in this place.
 E = Time spent auto-exploring this place.
 F = Levels seen in this place.
 G = Mean time per level.
                   A        B        C        D        E       F      G
               +--------+--------+--------+--------+--------+-----+--------+
         Total |  10105 |   9845 |    260 |    836 |   6981 |  12 |  842.1 |
       Dungeon |   9628 |   9368 |    260 |    836 |   6669 |  10 |  962.8 |
        Temple |    145 |    145 |      0 |      0 |    106 |   1 |  145.0 |
       Ossuary |    331 |    331 |      0 |      0 |    206 |   1 |  331.0 |
               +--------+--------+--------+--------+--------+-----+--------+

Top non-repeatable levels by time:
     D:8: 1721 daAuts
     D:4: 1295 daAuts
     D:5: 1067 daAuts
    D:10: 1006 daAuts
     D:7: 994 daAuts
     D:3: 870 daAuts
     D:6: 747 daAuts
     D:9: 662 daAuts
     D:2: 637 daAuts
     D:1: 625 daAuts
 Ossuary: 331 daAuts
  Temple: 145 daAuts
